[Event "Sunday 28 January 2nd Tiur 7+2 Rounds 9 Starts 2200 ST"]
[Site "Infinity Chess"]
[Date "2018.1.28"]
[Round "1"]
[White "BraveDevil"]
[Black "MarioDeMonti"]
[Result "1/2-1/2"]
[ECO "B90"]
[WhiteElo "2432"]
[BlackElo "2500"]
[WhiteEngine "Cryptic AIL V2"]
[BlackEngine "stockfish_x64_bmi2_2018_01_13_CTG"]
[EventType "Swiss"]
[WhiteTeam ""]
[BlackTeam ""]
[PlyCount "116"]
[TimeControl "420+2"]

1. e4 c5 2. Nf3 d6 3. d4 cxd4 4. Nxd4 Nf6 5. Nc3 a6 6. Be3 e5 7. Nf3 Be7 
8. Bc4 O-O 9. O-O Be6 10. Bb3 Nc6 11. Bg5 Nd7 12. Bxe7 Qxe7 13. Re1 Nc5 
14. Nd5 Qd8 15. c3 a5 16. Bc4 Ne7 17. Nxe7+ Qxe7 18. Qe2 Bxc4 19. Qxc4 Qc7 
20. a3 Qc6 21. Qe2 b5 22. Rad1 Rab8 23. Nh4 g6 24. Qg4 Kh8 25. b4 axb4 
26. cxb4 Ne6 27. Qh3 Rfe8 28. Qf3 Qc7 29. g3 Rb6 30. Rc1 Qb7 31. Rc3 Kg7 
32. Rec1 Ra6 33. Qe3 Rea8 34. Nf3 Re8 35. h4 h6 36. h5 gxh5 37. Nh4 Ng5 
38. Nf5+ Kg6 39. f3 Kh7 40. Rd3 Rc8 41. Rxc8 Qxc8 42. f4 exf4 43. gxf4 Ne6 
44. Rxd6 Rxd6 45. Nxd6 Qg8+ 46. Kf2 Qg4 47. Qf3 Qh4+ 48. Qg3 Qh1 49. e5 h4 
50. Qg4 Ng7 51. Qg2 Qc1 52. Qe4+ Kg8 53. Nxb5 h3 54. Nd6 h2 55. Qa8+ Kh7 
56. Qe4+ Kg8 57. Qa8+ Kh7 58. Qe4+ Kg8 1/2-1/2

[Event "Sunday 28 January 2nd Tiur 7+2 Rounds 9 Starts 2200 ST"]
[Site "Infinity Chess"]
[Date "2018.1.28"]
[Round "1"]
[White "Eman"]
[Black "Tiger"]
[Result "1/2-1/2"]
[ECO "D30"]
[WhiteElo "2504"]
[BlackElo "2437"]
[WhiteEngine "Eman 1.68c 64-bit POPCNT"]
[BlackEngine "BrainFish_180124_x64_bmi2"]
[EventType "Swiss"]
[WhiteTeam ""]
[BlackTeam ""]
[PlyCount "105"]
[TimeControl "420+2"]

1. d4 d5 2. c4 e6 3. Nf3 Nf6 4. Nc3 c6 5. e3 Nbd7 6. Qc2 Bd6 7. Bd3 O-O 
8. O-O dxc4 9. Bxc4 a6 10. Rd1 b5 11. Bd3 Bb7 12. Ng5 h6 13. Nge4 Bc7 14. a3 Qe7 
15. b4 a5 16. Bd2 e5 17. Rac1 exd4 18. exd4 axb4 19. axb4 Ng4 20. Be2 Bxh2+ 
21. Kh1 f5 22. Bxg4 Bb8 23. Bh3 fxe4 24. Qxe4 Qxe4 25. Nxe4 Nf6 26. f3 Ra3 
27. Nxf6+ Rxf6 28. Kg1 Kf7 29. Kf1 c5 30. Bd7 cxd4 31. Bxb5 Rf5 32. Bc4+ Bd5 
33. Bxd5+ Rxd5 34. Ra1 Rxa1 35. Rxa1 d3 36. Kf2 Re5 37. Be3 Bd6 38. Ra7+ Ke6 
39. Ra6 Rd5 40. Bd2 h5 41. Ke3 Kf5 42. Kf2 Bc7 43. Ke1 Re5+ 44. Kd1 Re2 
45. g4+ hxg4 46. fxg4+ Ke4 47. Ra7 Bf4 48. Bxf4 Kxf4 49. Rf7+ Kxg4 50. Rxg7+ Kf3 
51. Rf7+ Ke3 52. Re7+ Kf2 53. Ra7 1/2-1/2

[Event "Sunday 28 January 2nd Tiur 7+2 Rounds 9 Starts 2200 ST"]
[Site "Infinity Chess"]
[Date "2018.1.28"]
[Round "1"]
[White "Dovahkiin"]
[Black "Thinker"]
[Result "1/2-1/2"]
[ECO "C50"]
[WhiteElo "2446"]
[BlackElo "2517"]
[WhiteEngine "BrainFish_180113_x64_modern_CTG"]
[BlackEngine "BrainFish_180124_x64_modern_CTG"]
[EventType "Swiss"]
[WhiteTeam ""]
[BlackTeam ""]
[PlyCount "143"]
[TimeControl "420+2"]

1. e4 e5 2. Nf3 Nc6 3. Bc4 Bc5 4. O-O Nf6 5. d3 d6 6. c3 O-O 7. Re1 a5 8. Bb3 h6 
9. h3 Bd7 10. a4 Re8 11. Na3 Be6 12. Nc4 Qd7 13. Bd2 Rad8 14. Bc2 Qc8 15. Ne3 d5 
16. exd5 Nxd5 17. Nf1 Bd6 18. Ng3 Qd7 19. Nh4 Bf8 20. Nf3 f6 21. Rc1 Bf7 
22. d4 exd4 23. Nxd4 Nxd4 24. Rxe8 Rxe8 25. cxd4 Bb4 26. Bxb4 Nxb4 27. Bf5 Qd6 
28. Qg4 Nc6 29. Rd1 Kf8 30. d5 Ne5 31. Qd4 Qb6 32. Qxb6 cxb6 33. Rd4 g6 
34. Bc2 Rc8 35. Bb3 Rc1+ 36. Kh2 Re1 37. f4 Nd7 38. Ne4 Nc5 39. Bc2 Re2 
40. Nd2 g5 41. fxg5 fxg5 42. Bd1 Re3 43. Nc4 Rd3 44. Rxd3 Nxd3 45. Nxb6 Nxb2 
46. Bb3 Nd3 47. Kg3 Ke8 48. Kg4 Nc5 49. Bc4 Bg6 50. Bb5+ Ke7 51. Nc4 Kf6 
52. d6 h5+ 53. Kf3 Be4+ 54. Kf2 Ke6 55. Nxa5 Bd5 56. d7 Ke7 57. Bc4 Bxc4 
58. Nxc4 Kxd7 59. Nd2 Ke6 60. a5 Kf6 61. Kf3 Kf5 62. Ke3 Ke5 63. g3 Ne6 
64. Nf3+ Kd5 65. h4 gxh4 66. gxh4 Nc5 67. Kf4 Nb3 68. Kg5 Nxa5 69. Kxh5 b5 
70. Kg5 b4 71. h5 b3 72. h6 1/2-1/2

[Event "Sunday 28 January 2nd Tiur 7+2 Rounds 9 Starts 2200 ST"]
[Site "Infinity Chess"]
[Date "2018.1.28"]
[Round "1"]
[White "RonWeasley"]
[Black "star99"]
[Result "1/2-1/2"]
[ECO "C55"]
[WhiteElo "2526"]
[BlackElo "2455"]
[WhiteEngine "BrainFish 060118_CTG"]
[BlackEngine "Cryptic AIL V2"]
[EventType "Swiss"]
[WhiteTeam ""]
[BlackTeam ""]
[PlyCount "91"]
[TimeControl "420+2"]

1. e4 e5 2. Nf3 Nc6 3. Bc4 Nf6 4. d3 Be7 5. O-O O-O 6. Re1 a6 7. a4 d6 8. h3 Na5 
9. Ba2 c5 10. Bd2 Nc6 11. c3 Be6 12. Bxe6 fxe6 13. Na3 Rb8 14. Nc2 Rc8 
15. Ne3 Nh5 16. Nc4 Qe8 17. Ng5 Rf6 18. Nf3 Rf8 19. b4 cxb4 20. cxb4 b5 
21. Na5 Nd4 22. Nxd4 exd4 23. axb5 axb5 24. Nb3 e5 25. Ra7 Bd8 26. Nc1 h6 
27. Rf1 Qg6 28. Ne2 Bg5 29. Ra5 Rf6 30. Bxg5 Qxg5 31. Rxb5 Rcf8 32. Qc1 Qxc1 
33. Rxc1 Rxf2 34. Nxd4 Rd2 35. Nf5 Nf4 36. Kh1 g6 37. Nxh6+ Kg7 38. Ng4 Rxg2 
39. Rb7+ Rf7 40. Rcc7 Rxc7 41. Rxc7+ Kf8 42. Rd7 Rg3 43. Nf2 Rg2 44. Ng4 Rg3 
45. Nf2 Rg2 46. Ng4 1/2-1/2

[Event "Sunday 28 January 2nd Tiur 7+2 Rounds 9 Starts 2200 ST"]
[Site "Infinity Chess"]
[Date "2018.1.28"]
[Round "1"]
[White "KULLANI"]
[Black "MCDermont"]
[Result "1/2-1/2"]
[ECO "C50"]
[WhiteElo "2462"]
[BlackElo "2545"]
[WhiteEngine "BrainFish_180124_x64_CTG"]
[BlackEngine "BrainFish 060118_CTG"]
[EventType "Swiss"]
[WhiteTeam ""]
[BlackTeam ""]
[PlyCount "154"]
[TimeControl "420+2"]

1. e4 e5 2. Nf3 Nc6 3. Bc4 Bc5 4. d3 Nf6 5. c3 d6 6. O-O a5 7. Bg5 Ba7 
8. Nbd2 h6 9. Bh4 Qe7 10. Bb5 Bd7 11. Nc4 g5 12. Bg3 Nh5 13. Bxc6 bxc6 
14. d4 Nxg3 15. hxg3 f6 16. Qd3 Qh7 17. Rae1 h5 18. Ne3 Bb6 19. Nf5 exd4 
20. cxd4 a4 21. d5 cxd5 22. b4 O-O 23. Qxd5+ Kh8 24. a3 Rae8 25. Qd3 Be6 
26. Ne3 Bb3 27. Nd2 Be6 28. Nd5 Bxd5 29. Qxd5 h4 30. g4 Qg8 31. Qxg8+ Kxg8 
32. Rc1 Kf7 33. Rc3 Re5 34. Re1 d5 35. Kf1 Rfe8 36. f3 c5 37. Rd1 cxb4 
38. axb4 Kg6 39. Ra3 dxe4 40. Nxe4 Rxe4 41. fxe4 Rxe4 42. Rxa4 Rf4+ 43. Ke1 Rxg4 
44. Rd2 Bc5 45. Rb2 Bd6 46. Kd1 Rf4 47. Ke2 Kh5 48. Ra6 Bxb4 49. Ra4 Bd6 
50. Rxf4 Bxf4 51. Kf3 Kg6 52. Rb6 Kf5 53. Rb5+ Be5 54. Rb4 Bd6 55. Ra4 Be5 
56. Rb4 Bh2 57. Rc4 Kg6 58. Rc6 Be5 59. Kg4 Bd4 60. Rd6 Be5 61. Ra6 Bc7 
62. Re6 Bg3 63. Rb6 Bf2 64. Rc6 Bg3 65. Ra6 Bb8 66. Kf3 Be5 67. Rb6 Bc3 
68. Ke4 Be5 69. Kf3 Bc3 70. Rb3 Bd4 71. Rb4 Bg1 72. Ra4 f5 73. Ra6+ Kf7 
74. Ra5 Ke6 75. Ra6+ Kf7 76. Ra5 Ke6 77. Ra6+ Kf7 1/2-1/2

[Event "Sunday 28 January 2nd Tiur 7+2 Rounds 9 Starts 2200 ST"]
[Site "Infinity Chess"]
[Date "2018.1.28"]
[Round "1"]
[White "KhalidOmar"]
[Black "IronMan"]
[Result "1-0"]
[ECO "A40"]
[WhiteElo "2550"]
[BlackElo "2463"]
[WhiteEngine "Eman 1.68c 64-bit BMI2"]
[BlackEngine "Eman 1.67a 64-bit BMI2"]
[EventType "Swiss"]
[WhiteTeam ""]
[BlackTeam ""]
[PlyCount "135"]
[TimeControl "420+2"]

1. d4 e6 2. e4 a6 3. Nc3 d5 4. Bd3 Bb4 5. e5 Ne7 6. Qg4 c5 7. dxc5 Nbc6 
8. Nf3 Ng6 9. h4 Qc7 10. Kf1 h5 11. Qg3 Nce7 12. Na4 Bd7 13. Nb6 Rd8 
14. Nxd7 Kxd7 15. Kg1 Bxc5 16. Bd2 Kc8 17. b4 Ba7 18. Rh3 Kb8 19. c3 Ka8 
20. Re1 Rc8 21. Nd4 Nc6 22. Nxe6 fxe6 23. Bxg6 Rhf8 24. Be3 d4 25. cxd4 Nxd4 
26. Qg5 Qc4 27. Qxh5 Qxb4 28. Qd1 Qa5 29. Rg3 Rfd8 30. Qb1 Nb5 31. Be4 Rd7 
32. Rf3 Bc5 33. g3 Na3 34. Qc1 Kb8 35. Kg2 Bxe3 36. Qxe3 Nc4 37. Qe2 Rcd8 
38. Qxc4 Qxe1 39. Re3 Qa5 40. Qxe6 Ka7 41. a3 Rc7 42. Qf5 Qb6 43. e6 Rd2 
44. Re1 Rd4 45. Bd5 Qd6 46. Qe5 Qxe5 47. Rxe5 Re7 48. Rf5 Re8 49. Bf3 b5 
50. Rf7+ Kb6 51. Rxg7 Rxe6 52. g4 Rf4 53. Kg3 Ref6 54. Rb7+ Kc5 55. Rc7+ Kd6 
56. Rc3 Rc4 57. Re3 Rc5 58. g5 Re6 59. Kf4 Rg6 60. Be4 Rg8 61. Kg4 Rc1 
62. h5 Rg1+ 63. Rg3 Re1 64. Bg2 a5 65. h6 Rh8 66. Kh5 Re5 67. Rd3+ Ke7 68. f4 
1-0

[Event "Sunday 28 January Rapid Engine Tour 12+1 Rounds 9 Starts 1600 ST"]
[Site "Infinity Chess"]
[Date "2018.1.28"]
[Round "9"]
[White "angriff"]
[Black "Cepri"]
[Result "1/2-1/2"]
[ECO "D31"]
[WhiteElo "2404"]
[BlackElo "2420"]
[WhiteEngine "Stockfish SL FA POPCNT_CTG"]
[BlackEngine "asmFishW_07N17_CTG"]
[EventType "Swiss"]
[WhiteTeam ""]
[BlackTeam ""]
[PlyCount "87"]
[TimeControl "720+1"]

1. d4 d5 2. c4 e6 3. Nc3 c6 4. e3 Nf6 5. Nf3 Nbd7 6. Qc2 Bd6 7. Bd3 dxc4 
8. Bxc4 O-O 9. O-O b5 10. Bd3 Bb7 11. Ng5 h6 12. Nge4 Be7 13. Nxf6+ Nxf6 
14. Rd1 a6 15. e4 Qc7 16. e5 Nd7 17. Bf4 c5 18. Be4 b4 19. d5 bxc3 20. d6 Bxd6 
21. exd6 Bxe4 22. Qxe4 Qa5 23. bxc3 Qxc3 24. Rac1 Qa3 25. Rd3 Qb4 26. Qe3 Kh7 
27. Rb3 Qa4 28. Qd2 f5 29. Re1 Rf6 30. Rb7 Rd8 31. g3 e5 32. Rxe5 Nxe5 
33. Bxe5 Rg6 34. Re7 Qe4 35. Qb2 c4 36. h4 Qd5 37. h5 Rg4 38. Qb6 Rg5 
39. Qxd8 Qd1+ 40. Kg2 Qd5+ 41. Kf1 Qd1+ 42. Kg2 Qd5+ 43. Kf1 Qd1+ 44. Kg2 
1/2-1/2

[Event "Sunday 28 January Rapid Engine Tour 12+1 Rounds 9 Starts 1600 ST"]
[Site "Infinity Chess"]
[Date "2018.1.28"]
[Round "9"]
[White "KhalidOmar"]
[Black "Dovahkiin"]
[Result "1-0"]
[ECO "C65"]
[WhiteElo "2443"]
[BlackElo "2400"]
[WhiteEngine "Eman 1.68c 64-bit BMI2"]
[BlackEngine "BrainFish_180113_x64_modern_CTG"]
[EventType "Swiss"]
[WhiteTeam ""]
[BlackTeam ""]
[PlyCount "86"]
[TimeControl "720+1"]

1. e4 e5 2. Nf3 Nc6 3. Bb5 Nf6 4. O-O Nxe4 5. Re1 Nd6 6. Nxe5 Be7 7. Bf1 Nxe5 
8. Rxe5 O-O 9. Nc3 Ne8 10. Nd5 Bd6 11. Re2 c6 12. Ne3 Be7 13. c4 f5 14. d4 f4 
15. Ng4 d6 16. h3 f3 17. gxf3 Nc7 18. d5 cxd5 19. cxd5 Bf5 20. Bd2 Qd7 
21. Rc1 h5 22. Ne3 Bd3 23. Ng2 Bxe2 24. Bxe2 Bf6 25. Bd3 Bxb2 26. Rc4 Bf6 
27. Bb1 Nxd5 28. Qc2 g5 29. Qg6+ Qg7 30. Qxh5 Rac8 31. Rg4 Rc5 32. h4 Nc3 
33. Bc2 Ne2+ 34. Kf1 Nd4 35. Be4 Qf7 36. Qxf7+ Kxf7 37. hxg5 Rh8 38. g6+ Ke7 
39. Nf4 Bg7 40. Be3 Ra5 41. Kg2 Kd7 42. Nd5 Ne6 43. f4 Nc7 1-0

[Event "Sunday 28 January Rapid Engine Tour 12+1 Rounds 9 Starts 1600 ST"]
[Site "Infinity Chess"]
[Date "2018.1.28"]
[Round "9"]
[White "MarioDeMonti"]
[Black "Satria_Ungu"]
[Result "1/2-1/2 "]
[ECO "C55"]
[WhiteElo "2469"]
[BlackElo "2357"]
[WhiteEngine "stockfish_x64_bmi2_2018_01_13_CTG"]
[BlackEngine "Houdini 6_CTG"]
[EventType "Swiss"]
[WhiteTeam ""]
[BlackTeam ""]
[PlyCount "313"]
[TimeControl "720+1"]

1. e4 e5 2. Nf3 Nc6 3. Bc4 Nf6 4. d3 Bc5 5. c3 d6 6. O-O h6 7. b4 Bb6 8. a4 a5 
9. b5 Ne7 10. Be3 Bxe3 11. fxe3 Ng6 12. Bb3 O-O 13. c4 c6 14. Nc3 Bd7 
15. Rb1 Rc8 16. Qe1 Re8 17. h3 Nf8 18. Nd2 Be6 19. Qg3 Ng6 20. Qf3 Rf8 
21. Rbc1 Nd7 22. Qg3 Qe7 23. Bd1 Nf6 24. Bf3 Rfe8 25. Qf2 Kh7 26. Nb3 Qd8 
27. Nd2 Rf8 28. Kh2 Nd7 29. Be2 Kg8 30. Qg3 Nf6 31. Bf3 Rb8 32. Be2 Re8 
33. Rf2 h5 34. Rff1 Rc8 35. Kh1 h4 36. Qf2 Rf8 37. Nf3 Nh7 38. Qe1 Re8 
39. Rb1 Qe7 40. Rb3 Qd8 41. Rb2 Qe7 42. Rd2 Bd7 43. Bd1 Rcd8 44. Rdf2 Be6 
45. Be2 Rf8 46. Kh2 Rc8 47. Kg1 Bd7 48. Qd2 Rce8 49. Qe1 Rc8 50. Qd2 Rce8 
51. Qc1 Rc8 52. d4 Ng5 53. d5 cxb5 54. axb5 Nxf3+ 55. Rxf3 b6 56. Rf5 Qd8 
57. Rh5 Nh8 58. Qe1 g5 59. Na4 f6 60. Qf2 Kg7 61. Kh2 Rb8 62. Bg4 Ng6 
63. Qf3 Be8 64. Bf5 Qc7 65. Nc3 Bf7 66. Be6 Qe7 67. Qf5 Be8 68. g3 Rh8 
69. Rxh8 hxg3+ 70. Kxg3 Nxh8 71. h4 Ng6 72. hxg5 fxg5 73. Kg4 Nf8 
74. Qxg5+ Qxg5+ 75. Kxg5 Nh7+ 76. Kg4 Nf6+ 77. Kf3 Bh5+ 78. Kf2 Rb7 79. Rg1+ Kf8 
80. Na4 Nxe4+ 81. Ke1 Nf6 82. Kd2 Bf7 83. Bf5 Bh5 84. Be6 Bf7 85. Kd3 Bh5 
86. Nc3 Rc7 87. Bf5 Ke8 88. Ne4 Ke7 89. Rf1 Nxe4 90. Bxe4 a4 91. Rh1 Bf7 
92. Kc3 a3 93. Kb3 Ra7 94. Ra1 Bh5 95. Rxa3 Rxa3+ 96. Kxa3 Kf6 97. Kb2 Bg4 
98. Kb3 Bd1+ 99. Kb4 Bg4 100. Bc2 Kg5 101. Bb1 Kf6 102. Kb3 Bh3 103. Bc2 Bg4 
104. Kb4 Kg5 105. Kc3 Bd7 106. Be4 Bg4 107. Kc2 Bh3 108. Bd3 Bg4 109. Kd2 Kf6 
110. Be4 Bc8 111. Bd3 Bg4 112. Bh7 Bh3 113. Kc3 Bg4 114. Bb1 Bh5 115. Bh7 Bg4 
116. Bb1 Bh5 117. Ba2 Be2 118. Bb3 Bg4 119. Kd3 Bf5+ 120. Kd2 Bh3 121. Kc3 Bg4 
122. Kd3 Bf5+ 123. Kd2 Bh3 124. Ke1 Bg4 125. Bc2 Bd7 126. Kf2 Bg4 127. Ke1 Bd7 
128. Ke2 Kg5 129. Kd2 Bg4 130. Be4 Bd7 131. Kc3 Bg4 132. Kb4 Kf6 133. Bd3 Kg5 
134. Kb3 Bd7 135. Kc2 Bg4 136. Kb1 Bd7 137. Kc1 Bc8 138. Bf1 Bg4 139. Bd3 Bc8 
140. Be2 Bd7 141. Kd2 Kf5 142. Bd3+ Kg5 143. Kc3 Bg4 144. e4 Kf4 145. Bb1 Bf3 
146. Bd3 Bd1 147. Kb4 Bh5 148. c5 dxc5+ 149. Kc3 Bg4 150. d6 Bd7 151. Kb2 Ke3 
152. Kc3 Kf4 153. Kb2 Ke3 154. Kc3 Bh3 155. Bb1 Kf4 156. Bd3 Ke3 157. Bc2 
1/2-1/2

[Event "Sunday 28 January Rapid Engine Tour 12+1 Rounds 9 Starts 1600 ST"]
[Site "Infinity Chess"]
[Date "2018.1.28"]
[Round "9"]
[White "SkyPilot"]
[Black "IronMan"]
[Result "1/2-1/2"]
[ECO "C55"]
[WhiteElo "2494"]
[BlackElo "2422"]
[WhiteEngine "stockfish_x64_bmi2_2018_01_13_CTG"]
[BlackEngine "SF SL FA 250118-IDeA"]
[EventType "Swiss"]
[WhiteTeam ""]
[BlackTeam ""]
[PlyCount "110"]
[TimeControl "720+1"]

1. e4 e5 2. Nf3 Nc6 3. Bc4 Nf6 4. d3 Bc5 5. c3 d6 6. O-O O-O 7. h3 h6 8. Re1 a5 
9. Nbd2 a4 10. Nf1 Bd7 11. Bb5 Ne7 12. Bxd7 Qxd7 13. Ng3 Bb6 14. d4 Rfe8 
15. Be3 Qb5 16. Rb1 exd4 17. Bxd4 Nd7 18. a3 Rad8 19. Qc2 Nc6 20. Bxb6 Nxb6 
21. Nf5 Ne7 22. Ne3 Qc6 23. Rbd1 Qc5 24. Nh4 Qh5 25. Nf3 Qc5 26. Nh4 Qh5 
27. Nhf5 Nxf5 28. Nxf5 g6 29. Ne3 Re6 30. Nd5 Nxd5 31. exd5 Rxe1+ 32. Rxe1 Qxd5 
33. Qxa4 Qd2 34. Re7 Qxb2 35. Qf4 Rf8 36. Rxc7 Qxa3 37. Qxh6 Qa5 38. Rxb7 Qxc3 
39. Qf4 Qe1+ 40. Kh2 Qe5 41. Qxe5 dxe5 42. f3 Ra8 43. Rb5 f6 44. Kg3 Rc8 
45. Kf2 g5 46. g3 Kf7 47. Rb4 Rc3 48. Rb6 Rc2+ 49. Kg1 Rc1+ 50. Kf2 Rc2+ 
51. Ke3 f5 52. Rb7+ Ke6 53. Rb6+ Kf7 54. Rb7+ Ke6 55. Rb6+ Kf7 1/2-1/2

[Event "Sunday 28 January Rapid Engine Tour 12+1 Rounds 9 Starts 1600 ST"]
[Site "Infinity Chess"]
[Date "2018.1.28"]
[Round "9"]
[White "Thinker"]
[Black "incredible"]
[Result "1/2-1/2"]
[ECO "C50"]
[WhiteElo "2400"]
[BlackElo "2424"]
[WhiteEngine "BrainFish_180124_x64_modern_CTG"]
[BlackEngine "Houdini 6"]
[EventType "Swiss"]
[WhiteTeam ""]
[BlackTeam ""]
[PlyCount "222"]
[TimeControl "720+1"]

1. e4 e5 2. Nf3 Nc6 3. Bc4 Bc5 4. O-O d6 5. d3 Bg4 6. c3 Nf6 7. Bb3 a5 8. h3 Bh5 
9. Nbd2 h6 10. Re1 O-O 11. a4 Nd7 12. Nc4 Ba7 13. Ne3 Nc5 14. Bc4 Ne6 
15. Nf5 Kh8 16. Ra3 Bg6 17. Rb3 Rb8 18. Rb5 Bh7 19. Nh2 Ne7 20. Rxa5 Bb6 
21. Rb5 Ba7 22. Nxe7 Qxe7 23. Bxe6 c6 24. Rb3 Qxe6 25. Be3 c5 26. c4 f5 
27. exf5 Bxf5 28. Nf1 Qf7 29. Ng3 Bd7 30. Qe2 Bc6 31. Ne4 Rfd8 32. Qg4 Ra8 
33. Qh4 Qg6 34. a5 Rd7 35. Qg4 Qxg4 36. hxg4 Bb8 37. Ra1 Bc7 38. Rba3 Ra6 
39. f3 Kg8 40. Kf2 Bd8 41. Ke2 Be7 42. Rb3 Kf7 43. Bd2 Ke6 44. Nc3 Bf6 
45. Ne4 Be7 46. Rba3 Bh4 47. b4 cxb4 48. Bxb4 Be7 49. Nc3 Bg5 50. Nb5 d5 
51. cxd5+ Bxd5 52. Nc3 Rc7 53. Nxd5 Kxd5 54. R1a2 Bd8 55. g3 g5 56. Bf8 Rf7 
57. Bb4 Rc7 58. Rb2 b6 59. Rba2 Rb7 60. axb6 Rxa3 61. Rxa3 Bxb6 62. Ra6 Bc7 
63. Ba3 Rb3 64. Kd2 Kd4 65. Ra4+ Kd5 66. Kc2 Rb8 67. Kd2 Rb3 68. Kc2 Rb8 
69. Kd1 Rb1+ 70. Bc1 Bd6 71. Ra5+ Kd4 72. Ra6 Kd5 73. Ra8 Rb3 74. Kc2 Rb7 
75. Kd2 Rb5 76. Ra7 Rb1 77. Ra5+ Ke6 78. Ra6 Kd5 79. Ra7 Rb5 80. Ke2 Rb1 
81. Kd1 Rb3 82. Kc2 Rb8 83. Kd1 Rb3 84. Kc2 Rb8 85. Kd2 Rb1 86. Ra5+ Ke6 
87. Ra2 Kd5 88. Ra8 Rb5 89. Ra4 Rb1 90. Ra2 Ke6 91. Kd1 Rb3 92. Ke2 Rb1 
93. Kd2 Kd5 94. Ra6 Rb5 95. Ra1 Kd4 96. Ke2 Kd5 97. Ke3 Bc5+ 98. Kd2 Bb4+ 
99. Kd1 Bd6 100. Ke2 Bc7 101. Ra8 Rb1 102. Kd2 Bd6 103. Ra6 Rb5 104. Ra8 Rb1 
105. Kc2 Rb7 106. Kd1 Rb3 107. Ra5+ Ke6 108. Kc2 Rb8 109. Ra6 Kd5 110. Kc3 Rc8+ 
111. Kb2 Rc4 1/2-1/2

[Event "Sunday 28 January Rapid Engine Tour 12+1 Rounds 9 Starts 1600 ST"]
[Site "Infinity Chess"]
[Date "2018.1.28"]
[Round "9"]
[White "star99"]
[Black "BraveDevil"]
[Result "1/2-1/2"]
[ECO "D38"]
[WhiteElo "2366"]
[BlackElo "2450"]
[WhiteEngine "Cryptic AIL V2"]
[BlackEngine "Cryptic AIL V2"]
[EventType "Swiss"]
[WhiteTeam ""]
[BlackTeam ""]
[PlyCount "64"]
[TimeControl "720+1"]

1. d4 d5 2. c4 e6 3. Nc3 Nf6 4. Nf3 Bb4 5. cxd5 exd5 6. Bg5 O-O 7. e3 h6 
8. Bxf6 Qxf6 9. Bd3 c6 10. a3 Bd6 11. O-O Nd7 12. e4 dxe4 13. Nxe4 Qe7 
14. Re1 Nf6 15. Nc5 Qc7 16. Qc2 Bg4 17. Ne5 Rfe8 18. Nxg4 Nxg4 19. g3 Nf6 
20. Rad1 Rad8 21. Bc4 a5 22. Bb3 Bxc5 23. dxc5 Rxd1 24. Qxd1 Re5 25. Rxe5 Qxe5 
26. Qd8+ Kh7 27. Bxf7 Qe1+ 28. Kg2 Qe4+ 29. Kf1 Qb1+ 30. Kg2 Qe4+ 31. Kf1 Qb1+ 
32. Kg2 Qe4+ 1/2-1/2

[Event "Sunday 28 January Rapid Engine Tour 12+1 Rounds 9 Starts 1600 ST"]
[Site "Infinity Chess"]
[Date "2018.1.28"]
[Round "9"]
[White "RonWeasley"]
[Black "ocirema"]
[Result "1/2-1/2"]
[ECO "B97"]
[WhiteElo "2462"]
[BlackElo "2431"]
[WhiteEngine "BrainFish 060118_CTG"]
[BlackEngine "stockfish_18012314_x64_modern_CTG"]
[EventType "Swiss"]
[WhiteTeam ""]
[BlackTeam ""]
[PlyCount "130"]
[TimeControl "720+1"]

1. e4 c5 2. Nf3 d6 3. d4 cxd4 4. Nxd4 Nf6 5. Nc3 a6 6. Bg5 e6 7. f4 Qb6 
8. Qd2 Qxb2 9. Rb1 Qa3 10. e5 h6 11. Bh4 dxe5 12. fxe5 Nfd7 13. Ne4 Qxa2 
14. Rd1 Qd5 15. Qe3 Bc5 16. Nxe6 Bb4+ 17. c3 Qxe6 18. cxb4 O-O 19. Be2 a5 
20. b5 Nxe5 21. O-O Nbd7 22. Nd6 Ng6 23. Qxe6 fxe6 24. Rxf8+ Ndxf8 25. Bg3 Ne7 
26. Nc4 Nd7 27. Bg4 Nf5 28. Be1 a4 29. Bb4 a3 30. Bxa3 Ra4 31. Be2 Ne3 
32. Nxe3 Rxa3 33. Nc4 Rc3 34. Nd6 Ne5 35. Nc4 Nd7 36. Nd6 Ne5 37. Re1 Kf8 
38. Bf1 Nf7 39. Nxc8 Rxc8 40. Rxe6 Rc7 41. Kf2 Ng5 42. Re3 Rc2+ 43. Kg3 Kf7 
44. h4 Ne6 45. Rf3+ Ke7 46. Kg4 Nd4 47. Rd3 Ne6 48. g3 Rc5 49. Re3 h5+ 
50. Kh3 Kf6 51. b6 g5 52. Rf3+ Ke7 53. Rf2 g4+ 54. Kh2 Nd4 55. Bg2 Rb5 
56. Bxb7 Rxb6 57. Bd5 Rb5 58. Bc4 Nf3+ 59. Kg2 Rb6 60. Bd5 Rf6 61. Bxf3 gxf3+ 
62. Rxf3 Rxf3 63. Kxf3 Kf7 64. Kf4 Kf6 65. Kf3 Kf5 1/2-1/2

[Event "Sunday 28 January Rapid Engine Tour 12+1 Rounds 9 Starts 1600 ST"]
[Site "Infinity Chess"]
[Date "2018.1.28"]
[Round "9"]
[White "hafaba"]
[Black "Tiger"]
[Result "1/2-1/2 "]
[ECO ""]
[WhiteElo "2469"]
[BlackElo "2436"]
[WhiteEngine "SF SL FA 26012018 POPCNT_CTG"]
[BlackEngine "BrainFish_180124_x64_bmi2"]
[EventType "Swiss"]
[WhiteTeam ""]
[BlackTeam ""]
[PlyCount "99"]
[TimeControl "720+1"]

1. e3 d5 2. d4 e6 3. Nf3 b6 4. Bb5+ c6 5. Bd3 Bb7 6. b3 Nf6 7. O-O c5 8. Bb2 Nc6 
9. c4 cxd4 10. exd4 Be7 11. Nbd2 O-O 12. Rc1 a5 13. a3 Bd6 14. Ne5 Rc8 
15. Qe2 Ne7 16. Rc2 Nd7 17. Nxd7 Qxd7 18. Rfc1 Ng6 19. g3 Qe7 20. a4 Rfd8 
21. h4 dxc4 22. bxc4 h6 23. Nf1 Nxh4 24. gxh4 Qxh4 25. f3 Bf4 26. Be4 Bxc1 
27. Rxc1 Qg5+ 28. Qg2 Bxe4 29. fxe4 f6 30. d5 Qxg2+ 31. Kxg2 f5 32. Ne3 fxe4 
33. Rb1 exd5 34. cxd5 Rc5 35. Ba1 Rdxd5 36. Nxd5 Rxd5 37. Kf2 Rd2+ 38. Ke3 Ra2 
39. Bd4 Rxa4 40. Rxb6 Rb4 41. Ra6 h5 42. Rxa5 h4 43. Rh5 Rb3+ 44. Kxe4 h3 
45. Rg5 Rb4 46. Rxg7+ Kf8 47. Rh7 h2 48. Ke5 Kg8 49. Rxh2 Kf7 50. Rf2+ 1/2-1/2

[Event "Sunday 28 January Rapid Engine Tour 12+1 Rounds 9 Starts 1600 ST"]
[Site "Infinity Chess"]
[Date "2018.1.28"]
[Round "9"]
[White "fati64"]
[Black "tris77"]
[Result "1-0"]
[ECO "B90"]
[WhiteElo "2482"]
[BlackElo "2380"]
[WhiteEngine "S_XPrO.220118.x64.POPNT"]
[BlackEngine "stockfish_18012416_x64_modern_CTG"]
[EventType "Swiss"]
[WhiteTeam ""]
[BlackTeam ""]
[PlyCount "165"]
[TimeControl "720+1"]

1. e4 c5 2. Nf3 d6 3. d4 cxd4 4. Nxd4 Nf6 5. Nc3 a6 6. Be3 e5 7. Nb3 Be6 
8. f3 Be7 9. Qd2 O-O 10. O-O-O Nbd7 11. g4 b5 12. g5 Nh5 13. Kb1 Nb6 
14. Nd5 Nxd5 15. exd5 Bf5 16. Na5 f6 17. h4 Ng3 18. Nc6 Qd7 19. Rg1 Nxf1 
20. Rdxf1 Bg6 21. Rf2 Rae8 22. Qa5 Ra8 23. Qb4 f5 24. f4 Rfe8 25. Qd2 Bf8 
26. Qe2 Qf7 27. Qd3 e4 28. Qb3 Qb7 29. Rd2 Bh5 30. c4 Rec8 31. a4 b4 32. a5 Be8 
33. h5 Bxc6 34. dxc6 Rxc6 35. g6 h6 36. Rd5 Qd7 37. Rc1 Qe6 38. Qxb4 Be7 
39. b3 Kh8 40. Ka2 Re8 41. Bd4 Rcc8 42. Rd1 Kg8 43. Qb6 Rb8 44. Qxa6 Ra8 
45. Qc6 Rec8 46. Qa4 e3 47. Re1 e2 48. Bf2 Qe4 49. Rd2 Qxf4 50. Rdxe2 Bf8 
51. Bb6 d5 52. c5 Qf3 53. Qd4 Kh8 54. b4 Qxh5 55. Re6 Qh3 56. R1e2 Qg3 
57. Qxd5 Qh3 58. Kb2 Qg4 59. Kb3 Rab8 60. Rd2 Ra8 61. Rf2 f4 62. Kb2 Qh4 
63. Qf3 Re8 64. Rfe2 Rec8 65. Bc7 Qg5 66. Bxf4 Qg1 67. Be5 Rd8 68. Rh2 Qg5 
69. Qf7 Ra6 70. Rf2 Raa8 71. Bc3 Rdb8 72. Rb6 Qd8 73. Be5 Rxb6 74. axb6 Qe7 
75. Qxe7 Bxe7 76. b7 Rd8 77. b8=Q Rxb8 78. Bxb8 h5 79. Re2 Kg8 80. Rxe7 Kf8 
81. Bd6 h4 82. Re1+ Kg8 83. Re8# 1-0

[Event "Sunday 28 January Rapid Engine Tour 12+1 Rounds 9 Starts 1600 ST"]
[Site "Infinity Chess"]
[Date "2018.1.28"]
[Round "9"]
[White "Gilgamesch"]
[Black "Neoxium"]
[Result "1/2-1/2"]
[ECO "C50"]
[WhiteElo "2466"]
[BlackElo "2492"]
[WhiteEngine "BrainFish_171005_x64_bmi2"]
[BlackEngine "SF SL FA-IDeA"]
[EventType "Swiss"]
[WhiteTeam ""]
[BlackTeam ""]
[PlyCount "128"]
[TimeControl "720+1"]

1. e4 e5 2. Nf3 Nc6 3. Bc4 Bc5 4. O-O d6 5. c3 Nf6 6. b4 Bb6 7. a4 a5 8. b5 Ne7 
9. Re1 Bg4 10. h3 Bh5 11. Bf1 Ng6 12. d3 Nh4 13. Be2 Nd7 14. Nbd2 Qf6 
15. Rf1 Nxf3+ 16. Nxf3 Qe7 17. Nd2 Bxe2 18. Qxe2 O-O 19. Nc4 Bc5 20. Be3 f5 
21. Qa2 Qe6 22. Bxc5 Nxc5 23. b6 cxb6 24. exf5 Rxf5 25. Nxb6 Qxa2 26. Rxa2 Ra6 
27. Nd5 Rf7 28. Rd1 Rc6 29. f3 Nd7 30. Rb1 Nf6 31. Rb5 Nxd5 32. Rxd5 Rxc3 
33. Rxd6 Rfc7 34. Kh2 Rc2 35. Rxc2 Rxc2 36. Rd5 b6 37. Rxe5 Rb2 38. Kg3 Rb3 
39. Rd5 Rb4 40. Rd6 Kf7 41. Rd7+ Kf6 42. f4 Rxa4 43. Rd6+ Ke7 44. Rxb6 Rd4 
45. Ra6 Rxd3+ 46. Kh4 Ra3 47. g4 a4 48. Ra7+ Kf8 49. Ra8+ Ke7 50. f5 Kf6 
51. Ra6+ Ke5 52. Ra7 Kf6 53. Ra6+ Ke5 54. Ra5+ Kf6 55. g5+ Kf7 56. Ra7+ Kg8 
57. f6 gxf6 58. gxf6 Kf8 59. f7 Ra1 60. Kg5 a3 61. h4 a2 62. Kh6 Rf1 
63. Rxa2 Rxf7 64. h5 Kg8 1/2-1/2